 Dungeon Crawl Stone Soup version 0.32-a0-391-gce5c0aab1b (webtiles) character file.

Game seed: 11948344634328159322

96 shadowstone the Chopper (level 4, -3/34 HPs)
             Began as a Coglin Gladiator on Feb 19, 2024.
             Was a Follower of Sif Muna.
             Slain by a scorpion (6 damage)
             ... on level 4 of the Dungeon.
             The game lasted 00:06:50 (2295 turns).

shadowstone the Chopper (Coglin Gladiator)          Turns: 2295, Time: 00:06:51

Health: -3/34      AC:  5    Str: 14      XL:     4   Next: 67%
Magic:  4/4        EV: 11    Int:  8      God:    Sif Muna [*.....]
Gold:   225        SH:  8    Dex: 16 (17) Spells: 3/3 levels left

rFire   . . .        a - +0 war axe {Carlos}
rCold   + . .        m - +0 kite shield
rNeg    . . .        b - +0 leather armour
rPois   .            c - +0 helmet
rElec   .            (no cloak)
rCorr   .            (no gloves)
SInv    .            l - +0 pair of boots
Will    .....        (no amulet)
Stlth   +            k - ring of protection from cold
HPRegen 0.25/turn    (no ring)
MPRegen 0.09/turn

%: no passive effects
@: lethally poisoned (-3 -> -13), revved, stiff-legged, very slow
A: off-hand wielding, slow wielding, warmup strikes, warmup strides
a: Renounce Religion, Channel Magic


You were on level 4 of the Dungeon.
You worshipped Sif Muna.
Sif Muna was aware of your devotion.
You visited 1 branch of the dungeon, and saw 4 of its levels.

You collected 225 gold pieces.

Inventory:

Hand Weapons
 a - a +0 war axe (weapon) {Carlos}
Missiles
 d - 3 throwing nets (quivered)
 e - a javelin
 g - 3 atropa-tipped darts
 q - 2 poisoned darts
Armour
 b - a +0 leather armour (worn)
 c - a +0 helmet (worn)
 l - a +0 pair of boots (worn)
 m - a +0 kite shield (worn)
Jewellery
 k - a ring of protection from cold (left grasper)
Talismans
 t - a flux talisman
 u - a flux talisman
Scrolls
 h - 3 scrolls of revelation {unknown}
 i - 2 scrolls of identify {unknown}
 j - a scroll of enchant armour {unknown}
 o - a scroll of immolation {unknown}
 p - a scroll of fog {unknown}
 r - 2 scrolls of noise {unknown}
 s - a scroll of enchant weapon {unknown}
 x - a scroll of poison {unknown}
Potions
 f - a potion of berserk rage {unknown}
 n - a potion of curing {unknown}
 v - a potion of invisibility {unknown}
 w - a potion of cancellation {unknown}


   Skills:
 + Level 2.4 Fighting
 + Level 3.8 Axes
 + Level 1.8 Throwing
 + Level 1.2 Armour
 + Level 3.5 Dodging
 + Level 0.1 Stealth
 + Level 0.2 Shields


You had 3 spell levels left.
You didn't know any spells.
Your spell library contained the following spells:

 Spells                   Type           Power      Damage    Failure   Level
 Slow                     Hex            0%         N/A       91%         1
 Sting                    Conj/Alch      0%         1d3       91%         1
 Mercury Vapours          Alch/Air       0%         N/A       97%         2
 Fugue of the Fallen      Necr           0%         N/A       99%         3
 Ozocubu's Armour         Ice            0%         N/A       99%         3
 Manifold Assault         Tloc           0%         N/A       100%        4
 Olgreb's Toxic Radiance  Alch           0%         N/A       100%        4


Dungeon Overview and Level Annotations

Branches:
Dungeon (4/15)
 Temple: D:4-7

Altars:
Sif Muna

Annotations:
D:4 Eustachio


Innate Abilities, Weirdness & Mutations

You can wield a second weapon in your off-hand.
It takes a long time for you to wield or remove held weapons.
Your first few attacks do less damage.
Your first movements take longer.


Message History

Eustachio gestures wildly while chanting.
Eustachio blinks!
The scorpion barely misses you.
You hit the scorpion but do no damage.
The scorpion is moderately wounded.
You miss the quasit. You barely miss the hobgoblin.
You feel very sick. You block the hobgoblin's attack.
The quasit barely misses you.
The quasit claws you but does no damage.
The quasit closely misses you. The scorpion barely misses you.
You block the quasit's attack.
The quasit claws you but does no damage.
You block the quasit's attack. The hobgoblin misses you.
You slash the scorpion!
The scorpion is severely wounded.
You barely miss the quasit. You closely miss the quasit.
You closely miss the hobgoblin.
You feel sick. The quasit closely misses you. The quasit completely misses you.
The quasit barely misses you. The scorpion stings you.
You are lethally poisoned!
The scorpion poisons you! The quasit closely misses you. x2
The quasit claws you but does no damage.
You block the quasit's attack. x2
The quasit claws you but does no damage.
You block the scorpion's attack. The hobgoblin hits you.
* * * LOW HITPOINT WARNING * * *
Eustachio mumbles some strange words.
The quasit bites you.
* * * LOW HITPOINT WARNING * * *
You feel clumsy. The quasit claws you.
* * * LOW HITPOINT WARNING * * *
The quasit barely misses you.
You closely miss the scorpion.
The scorpion is severely wounded.
You barely miss the quasit. You closely miss the quasit. You hit the hobgoblin.
* * * LOW HITPOINT WARNING * * *
You feel very sick.
The quasit disappears in a puff of smoke! x2
The scorpion stings you.
You die...

#.# ## ...
##..###.##...
###............
..............
#......5... .#
...o5K.#.# ..
#§§g@5.###
#.##.@s##....
#............
##.....##....
##..<..# #..
###....# .
#..### #..#
..## .##


You could see Eustachio, a scorpion, an iron imp (summoned), a quasit
(summoned), a crimson imp (summoned), an orc, a hobgoblin and a kobold.

Vanquished Creatures
  An adder (D:2)
  2 ribbon worms (D:3)
  2 dart slugs
  4 endoplasms
  A giant cockroach (D:1)
  7 goblins
  5 hobgoblins
  6 kobolds
  2 quokkas
  3 ball pythons
  2 bats (D:1)
  3 frilled lizards
  5 rats
43 creatures vanquished.

Notes
Turn   | Place    | Note
-------+----------+-------------------------------------------
     0 | D:1      | shadowstone the Coglin Gladiator began the quest for the
                  | Orb.
     0 | D:1      | Reached XP level 1. HP: 16/16 MP: 1/1
   217 | D:1      | Reached XP level 2. HP: 22/22 MP: 2/2
   445 | D:1      | Found a faded altar of an unknown god.
   472 | D:1      | Got Plato's Encyclopedia of Fascination
   473 | D:1      | Prayed at the altar of an unknown god.
   473 | D:1      | Became a worshipper of Sif Muna the Loreminder
   473 | D:1      | Reached * piety under Sif Muna
   504 | D:1      | Reached XP level 3. HP: 27/27 MP: 3/3
  1442 | D:2      | Reached XP level 4. HP: 33/34 MP: 4/4
  1487 | D:2      | Reached skill level 1 in Armour
  2286 | D:4      | Noticed Eustachio
  2287 | D:4      | Noticed a scorpion
  2295 | D:4      | Slain by a scorpion

Illustrated notes

Levels and vault maps discovered:
D:1:      dpeg_arrival_chambers_temple_mockup, layout_basic,
          shapermc_ecumenical_altar_rom_forum, serial_corexii_hall,
          corexii_hall_statues_l, corexii_hall_statues_l,
          corexii_hall_statues_t, corexii_hall_statues_x
D:2:      layout_rooms, ebering_dispersal_statue_hall, minmay_cut_off
D:3:      layout_rooms
D:4:      layout_cave_pools, serial_shops, shop, shop, uniq_crazy_yiuf_cottage,
          uniq_eustachio, uniq_menkaure

Skill      XL: |  1  2  3  4 |
---------------+-------------+-----
Dodging        | 3 |  3.5
Armour         | 1 |  1.2
Fighting       | |  2.4
Axes           | |  3.8
Throwing       | |  1.8
Stealth        | |  0.1
Shields        | |  0.2

Action                     |  1- 3 |  4- 6 || total
---------------------------+-------+-------++-------
  Melee: War axe           |    59 |    47 ||   106
   Stab: Sleeping          |       |     1 ||     1
 Armour: Leather armour    |    61 |    40 ||   101
  Dodge: Dodged            |    85 |    45 ||   130
  Block: Kite shield       |    11 |    35 ||    46

Table legend: (Time is in decaauts)
 A = Elapsed time spent in this place.
 B = Non-inter-level travel time spent in this place.
 C = Inter-level travel time spent in this place.
 D = Time resting spent in this place.
 E = Time spent auto-exploring this place.
 F = Levels seen in this place.
 G = Mean time per level.
                   A        B        C        D        E       F      G
               +--------+--------+--------+--------+--------+-----+--------+
         Total |   2439 |   2199 |    240 |     23 |   1152 |   4 |  609.8 |
       Dungeon |   2439 |   2199 |    240 |     23 |   1152 |   4 |  609.8 |
               +--------+--------+--------+--------+--------+-----+--------+

Top non-repeatable levels by time:
     D:1: 1380 daAuts
     D:2: 611 daAuts
     D:3: 436 daAuts
     D:4: 11 daAuts
